Moose vs Punishers

Created - April 26, 2025 at 22:53

Goals
1 2 3 T
Moose 0 3 2 5
Punishers 0 3 0 3
Shots
1 2 3 T
Moose 6 17 18 41
Punishers 12 13 16 41

1st period

No Goal

Penalties :
Reid Boucher (Man) for High sticking (Double Minor) at 7:31

2nd period

1. Punishers , Daniel Audette 24 (Oskar Lindblom 48, Carson Meyer 31) at 2:54
2. Punishers , Vinni Lettieri 21 (Adam Ruzicka 31) at 6:35
3. Moose , Morgan Geekie 20 (Nick Paul 33, Jake Leschyshyn 44) at 7:30 (PP)
4. Punishers , Vinni Lettieri 22 (Warren Foegele 28, Adam Ruzicka 32) at 9:20
5. Moose , Julien Gauthier 20 (Eetu Luostarinen 39, Juuso Valimaki 42) at 10:37
6. Moose , Juuso Valimaki 7 (Reid Boucher 5, Eetu Luostarinen 40) at 19:42 (PP)

Penalties :
Kurtis Gabriel (Pro) for Tripping (Minor) at 6:40, Juuso Valimaki (Man) for Hooking (Minor) at 10:59, Adam Ruzicka (Pro) for Hooking (Minor) at 19:03

3rd period

7. Moose , Reid Boucher 6 (Juuso Valimaki 43, Eetu Luostarinen 41) at 2:31 (PP)
8. Moose , William Bitten 2 (Jonny Tychonick 1, Joey Keane 9) at 19:38 (Empty Net)

Penalties :
Adam Ruzicka (Pro) for Holding (Minor) at 0:36, Jonny Tychonick (Man) for Tripping (Minor) at 14:22

Goalie Stats

Filip Gustavsson (Man), 38 saves from 41 shots - (0.927), W, 32-28-3, 60:00 minutes
Cal Petersen (Pro), 36 saves from 40 shots - (0.900), L, 8-11-4, 59:17 minutes

Players Stats for Moose

Player Name              G  A  P  +/- PIM S  H  SB GA TA FO     MP     PP MP  PK MP  
------------------------------------------------------------------------------------
Aliaksei Protas          0  0  0   0  0   0  0  0  0  0  0/0     0:00   0:00   0:00 
Anders Bjork             0  0  0   0  0   3  3  1  1  1  0/0    11:36   0:00   2:01 
Axel Jonsson-Fjallby     0  0  0   1  0   0  0  0  0  0  1/1     0:28   0:00   0:00 
Boris Katchouk           0  0  0   1  0   0  0  0  0  0  0/2     0:28   0:00   0:00 
Caleb Jones              0  0  0  -1  0   0  1  0  0  2  0/0    19:15   0:36   3:45 
Eetu Luostarinen         0  3  3  -1  0   3  3  1  1  0  2/5    24:37   2:26   3:30 
Jake Leschyshyn          0  1  1  -1  0   1  1  0  0  0  8/19   15:58   0:58   0:59 
Jaret Anderson-Dolan     0  0  0   0  0   1  1  0  0  0  2/2     6:10   0:00   0:00 
Joey Keane               0  1  1  -1  0   0  0  1  0  1  0/0    10:54   0:00   0:37 
Jonatan Berggren         0  0  0   0  0   0  0  0  0  0  0/0     0:00   0:00   0:00 
Jonny Tychonick          0  1  1  -1  2   2  1  0  0  0  0/0    11:36   0:00   1:35 
Josh Mahura              0  0  0  -1  0   1  0  2  0  1  0/0    18:52   0:36   3:22 
Julien Gauthier          1  0  1  -1  0   6  2  0  0  0  0/0    23:16   2:26   2:11 
Juuso Valimaki           1  2  3   1  2   5  0  2  0  2  0/0    29:13   2:48   2:42 
Logan O'Connor           0  0  0   0  0   0  1  0  1  1  0/0     9:19   0:00   0:00 
Ludwig Bystrom           0  0  0   1  0   3  6  0  3  0  0/0    30:25   2:48   3:53 
Lukas Rousek             0  0  0   0  0   0  0  0  0  0  0/0     0:00   0:00   0:00 
Max Jones                0  0  0   0  0   0  0  0  0  0  0/0     0:00   0:00   0:00 
Mitchell Stephens        0  0  0   0  0   0  0  0  0  0  2/6     9:19   0:00   0:00 
Morgan Barron            0  0  0   0  0   2  2  0  0  0  0/0     6:48   0:00   0:38 
Morgan Geekie            1  0  1  -1  0   6  1  0  0  1  0/0    14:43   0:58   0:00 
Nathan Bastian           0  0  0   0  0   3  0  0  0  0  0/0     6:10   0:00   0:00 
Nick Paul                0  1  1  -1  0   2  0  1  2  0  0/0    16:54   0:58   2:11 
Reid Boucher             1  1  2  -1  4   2  2  2  0  1  18/33  23:03   2:26   1:57 
William Bitten           1  0  1   1  0   1  0  1  0  0  0/1     2:56   0:00   2:27 

Players Stats for Punishers

Player Name              G  A  P  +/- PIM S  H  SB GA TA FO     MP     PP MP  PK MP  
------------------------------------------------------------------------------------
                         0  0  0   0  0   0  0  0  0  0  0/0     0:00   0:00   0:00 
                         0  0  0   0  0   0  0  0  0  0  0/0     0:00   0:00   0:00 
                         0  0  0   0  0   0  0  0  0  0  0/0     0:00   0:00   0:00 
                         0  0  0   0  0   0  0  0  0  0  0/0     0:00   0:00   0:00 
                         0  0  0   0  0   0  0  0  0  0  0/0     0:00   0:00   0:00 
                         0  0  0   0  0   0  0  0  0  0  0/0     0:00   0:00   0:00 
                         0  0  0   0  0   0  0  0  0  0  0/0     0:00   0:00   0:00 
Adam Ruzicka             0  2  2   2  4   1  2  0  0  0  9/15   16:21   3:19   0:00 
Ben Betker               0  0  0  -1  0   1  2  3  1  0  0/0    26:49   4:02   2:35 
Ben Meyers               0  0  0  -1  0   4  0  0  2  0  2/4    13:19   0:44   0:00 
Braden Tracey            0  0  0   0  0   1  0  0  0  0  0/1     6:29   0:00   0:00 
Carson Meyer             0  1  1  -1  0   1  2  0  0  1  2/2    14:12   1:07   0:30 
Daniel Audette           1  0  1   0  0   4  4  1  0  0  17/36  23:06   3:41   2:54 
Jack Ahcan               0  0  0   1  0   3  0  2  0  1  0/0    12:00   1:09   0:00 
Jesse Ylonen             0  0  0   0  0   0  0  0  0  1  0/0     6:39   0:10   0:00 
Joel Kiviranta           0  0  0  -1  0   7  0  0  1  0  0/0    13:19   0:44   0:00 
Kurtis Gabriel           0  0  0   0  2   1  2  0  0  0  1/2    20:11   3:41   0:00 
Nelson Nogier            0  0  0   1  0   0  2  0  0  1  0/0    21:03   2:38   0:49 
Nicolas Beaudin          0  0  0   1  0   1  0  0  1  1  0/0    12:22   1:31   0:00 
Niko Mikkola             0  0  0   1  0   0  0  0  1  2  0/0    20:57   2:32   0:49 
Noah Juulsen             0  0  0  -1  0   1  1  2  0  1  0/0    26:49   4:02   2:35 
Oskar Lindblom           0  1  1   0  0   6  2  0  1  0  2/2    23:06   3:41   2:54 
Ryan Suzuki              0  0  0   0  0   0  0  0  0  0  2/6     6:29   0:00   0:00 
Vinni Lettieri           2  0  2   2  0   5  0  1  2  0  1/1    16:26   3:22   0:00 
Warren Foegele           0  1  1   2  0   5  1  1  1  0  0/0    16:56   3:22   0:30 

3 Stars

1 - Vinni Lettieri (Pro)
2 - Juuso Valimaki (Man)
3 - Eetu Luostarinen (Man)

Power Play

Moose - 3 on 3 Attempt(s) - 100.00%
Punishers - 0 on 4 Attempt(s) - 0.00%

Penalty Kill

Moose - 4 on 4 Attempt(s) - 100.00% - Score 0 goal in Penalty Kill
Punishers - 0 on 3 Attempt(s) - 0.00% - Score 0 goal in Penalty Kill

Team Stat

Moose - Hits : 24 - Faceoff Wins : 33 - Blocked Shots : 11 - Penalty Minutes : 8
Punishers - Hits : 18 - Faceoff Wins : 36 - Blocked Shots : 10 - Penalty Minutes : 6

Official

Referees : Graham Skilliter and Brandon Blandina
Linesman : Derek Nansen and Ryan Gibbons

Game Notes

William Bitten has scored in a empty net!

Finance

Level 1 -- Attendance: 1717 (85.85%) -- Ticket Income $120,190
Level 2 -- Attendance: 892 (89.20%) -- Ticket Income $35,680
Total Attendance: 2609 (86.97%)
Total Ticket Income: $155,870
Other Income: $7,794
Total Income: $163,664

Moose

5 vs 5 Forward 
   Center                   Left Wing                Right Wing               Time % Phy DF OF 
 1 Reid Boucher             Eetu Luostarinen         Julien Gauthier          40     1   2  2  
 2 Jake Leschyshyn          Nick Paul                Morgan Geekie            30     1   2  2  
 3 Mitchell Stephens        Anders Bjork             Logan O'Connor           20     1   2  2  
 4 Jaret Anderson-Dolan     Morgan Barron            Nathan Bastian           10     1   2  2  

5 vs 5 Defense 
   Defense                  Defense                                           Time % Phy DF OF 
 1 Ludwig Bystrom           Juuso Valimaki                                    40     1   2  2  
 2 Caleb Jones              Josh Mahura                                       30     1   2  2  
 3 Joey Keane               Jonny Tychonick                                   20     1   2  2  
 4 Ludwig Bystrom           Juuso Valimaki                                    10     1   2  2  

PowerPlay Forward 
   Center                   Left Wing                Right Wing               Time % Phy DF OF 
 1 Reid Boucher             Eetu Luostarinen         Julien Gauthier          60     1   2  2  
 2 Jake Leschyshyn          Nick Paul                Morgan Geekie            40     1   2  2  

PowerPlay Defense
   Defense                  Defense                                           Time % Phy DF OF 
 1 Ludwig Bystrom           Juuso Valimaki                                    60     1   2  2  
 2 Caleb Jones              Josh Mahura                                       40     1   2  2  

Penalty Kill 4 Players Forward 
   Center                   Wing                     Time % Phy DF OF 
 1 Eetu Luostarinen         Reid Boucher             60     1   2  2  
 2 Nick Paul                Julien Gauthier          40     1   2  2  

Penalty Kill 4 Players Defense
   Defense                  Defense                  Time % Phy DF OF 
 1 Ludwig Bystrom           Juuso Valimaki           60     1   2  2  
 2 Caleb Jones              Josh Mahura              40     1   2  2  

Penalty Kill - 3 Players Forward 
   Forward                                           Time % Phy DF OF 
 1 Eetu Luostarinen                                  60     1   2  2  
 2 Reid Boucher                                      40     1   2  2  

Penalty Kill - 3 Players Defense
   Defense                  Defense                  Time % Phy DF OF 
 1 Ludwig Bystrom           Juuso Valimaki           60     1   2  2  
 2 Caleb Jones              Josh Mahura              40     1   2  2  

4 vs 4 Forward 
   Center                   Wing                     Time % Phy DF OF 
 1 Eetu Luostarinen         Reid Boucher             60     1   2  2  
 2 Nick Paul                Julien Gauthier          40     1   2  2  

4 vs 4 Defense
   Defense                  Defense                  Time % Phy DF OF 
 1 Ludwig Bystrom           Juuso Valimaki           60     1   2  2  
 2 Caleb Jones              Josh Mahura              40     1   2  2  

Last Minutes Offensive
   Center                   Left Wing                Right Wing               Defense                  Defense                  
   Reid Boucher             Eetu Luostarinen         Julien Gauthier          Ludwig Bystrom           Juuso Valimaki           

Last Minutes Defensive
   Center                   Left Wing                Right Wing               Defense                  Defense                  
   Reid Boucher             Eetu Luostarinen         Julien Gauthier          Ludwig Bystrom           Juuso Valimaki           

Goaltenders
Starting : Filip Gustavsson         
Backup : Karel Vejmelka           

Extra Forwards
Normal : Boris Katchouk, Axel Jonsson-Fjallby, William Bitten - PP : Boris Katchouk, Axel Jonsson-Fjallby - PK : William Bitten
Extra Defensemen
Normal : Joey Keane, Jonny Tychonick, Caleb Jones - PP : Joey Keane - PK : Jonny Tychonick, Caleb Jones
Penalty Shots
Eetu Luostarinen, Reid Boucher, Nick Paul, Julien Gauthier, Morgan Geekie
Custom OT Lines Forwards
Eetu Luostarinen, Reid Boucher, Nick Paul, Julien Gauthier, Morgan Geekie, Anders Bjork, Logan O'Connor, Morgan Barron, Boris Katchouk, Jake Leschyshyn
Custom OT Lines Defensemen
Ludwig Bystrom, Juuso Valimaki, Caleb Jones, Josh Mahura, Joey Keane

Scratches
Riley Damiani (Torn Left MCL Injury), Alexander Khovanov (Healthy), Matthew Benning (Upper Body Injury), Adam Ginning (Bruised Right Foot Injury), John Beecher (Healthy)
Juuso Parssinen (Healthy), Olle Eriksson Ek (Healthy), Daniel Vladar (Healthy)

Punishers

5 vs 5 Forward 
   Center                   Left Wing                Right Wing               Time % Phy DF OF 
 1 Daniel Audette           Oskar Lindblom           Kurtis Gabriel           40     1   2  2  
 2 Adam Ruzicka             Warren Foegele           Vinni Lettieri           30     1   2  2  
 3 Ben Meyers               Joel Kiviranta           Carson Meyer             20     1   2  2  
 4 Ryan Suzuki              Braden Tracey            Jesse Ylonen             10     1   2  2  

5 vs 5 Defense 
   Defense                  Defense                                           Time % Phy DF OF 
 1 Noah Juulsen             Ben Betker                                        40     1   2  2  
 2 Nelson Nogier            Niko Mikkola                                      30     1   2  2  
 3 Nicolas Beaudin          Jack Ahcan                                        20     1   2  2  
 4 Noah Juulsen             Ben Betker                                        10     1   2  2  

PowerPlay Forward 
   Center                   Left Wing                Right Wing               Time % Phy DF OF 
 1 Daniel Audette           Oskar Lindblom           Kurtis Gabriel           60     1   2  2  
 2 Adam Ruzicka             Warren Foegele           Vinni Lettieri           40     1   2  2  

PowerPlay Defense
   Defense                  Defense                                           Time % Phy DF OF 
 1 Noah Juulsen             Ben Betker                                        60     1   2  2  
 2 Nelson Nogier            Niko Mikkola                                      40     1   2  2  

Penalty Kill 4 Players Forward 
   Center                   Wing                     Time % Phy DF OF 
 1 Daniel Audette           Oskar Lindblom           60     1   2  2  
 2 Adam Ruzicka             Warren Foegele           40     1   2  2  

Penalty Kill 4 Players Defense
   Defense                  Defense                  Time % Phy DF OF 
 1 Noah Juulsen             Ben Betker               60     1   2  2  
 2 Nelson Nogier            Niko Mikkola             40     1   2  2  

Penalty Kill - 3 Players Forward 
   Forward                                           Time % Phy DF OF 
 1 Daniel Audette                                    60     1   2  2  
 2 Adam Ruzicka                                      40     1   2  2  

Penalty Kill - 3 Players Defense
   Defense                  Defense                  Time % Phy DF OF 
 1 Noah Juulsen             Ben Betker               60     1   2  2  
 2 Nelson Nogier            Niko Mikkola             40     1   2  2  

4 vs 4 Forward 
   Center                   Wing                     Time % Phy DF OF 
 1 Daniel Audette           Oskar Lindblom           60     1   2  2  
 2 Adam Ruzicka             Warren Foegele           40     1   2  2  

4 vs 4 Defense
   Defense                  Defense                  Time % Phy DF OF 
 1 Noah Juulsen             Ben Betker               60     1   2  2  
 2 Nelson Nogier            Niko Mikkola             40     1   2  2  

Last Minutes Offensive
   Center                   Left Wing                Right Wing               Defense                  Defense                  
   Daniel Audette           Oskar Lindblom           Kurtis Gabriel           Noah Juulsen             Ben Betker               

Last Minutes Defensive
   Center                   Left Wing                Right Wing               Defense                  Defense                  
   Daniel Audette           Oskar Lindblom           Kurtis Gabriel           Noah Juulsen             Ben Betker               

Goaltenders
Starting : Cal Petersen             
Backup : Antoine Bibeau           

Extra Forwards
Normal : Carson Meyer, Warren Foegele, Jesse Ylonen - PP : Carson Meyer, Warren Foegele - PK : Carson Meyer
Extra Defensemen
Normal : Niko Mikkola, Nicolas Beaudin, Jack Ahcan - PP : Niko Mikkola - PK : Niko Mikkola, Nicolas Beaudin
Penalty Shots
Oskar Lindblom, Kurtis Gabriel, Daniel Audette, Vinni Lettieri, Carson Meyer
Custom OT Lines Forwards
Oskar Lindblom, Kurtis Gabriel, Daniel Audette, Vinni Lettieri, Carson Meyer, Warren Foegele, Jesse Ylonen, Joel Kiviranta, Adam Ruzicka, Ben Meyers
Custom OT Lines Defensemen
Noah Juulsen, Ben Betker, Nelson Nogier, Niko Mikkola, Nicolas Beaudin

Scratches
Rasmus Sandin (Healthy), Urho Vaakanainen (Healthy), Karson Kuhlman (Bruised Left Shoulder Injury), Walker Duehr (Healthy), Marcus Karlberg (Healthy)
Lassi Thomson (Healthy), Jack LaFontaine (Healthy), Carter Gylander (Healthy)

% Time on Ice - Moose

Lines # - Real PCT - Wanted PCT - Time Play
Normal Forward
1 - 40% - 40% - 19:10
2 - 28% - 30% - 13:45
3 - 19% - 20% - 9:19
4 - 13% - 10% - 6:10
Normal Defense
1 - 41% - 40% - 19:42
2 - 31% - 30% - 14:54
3 - 20% - 20% - 9:46
4 - 8% - 10% - 4:02
PP Forward
1 - 72% - 60% - 2:26
2 - 28% - 40% - 0:58
PP Defense
1 - 82% - 60% - 2:48
2 - 18% - 40% - 0:36
PK Forward
1 - 73% - 60% - 5:46
2 - 27% - 40% - 2:11
PK Defense
1 - 58% - 60% - 4:35
2 - 42% - 40% - 3:22
PK3 Forward
1 - 0% - 60%
2 - 0% - 40%
PK3 Defense
1 - 0% - 60%
2 - 0% - 40%
44 Forward
1 - 0% - 60%
2 - 0% - 40%
44 Defense
1 - 0% - 60%
2 - 0% - 40%
Last Minute Offensive  - 0:00
Last Minute Defensive  - 0:15
Total
Forward - 60:00
Defense - 60:00

% Time on Ice - Punishers

Lines # - Real PCT - Wanted PCT - Time Play
Normal Forward
1 - 34% - 40% - 16:16
2 - 27% - 30% - 13:04
3 - 26% - 20% - 12:35
4 - 13% - 10% - 6:29
Normal Defense
1 - 38% - 40% - 18:24
2 - 36% - 30% - 17:36
3 - 22% - 20% - 10:51
4 - 3% - 10% - 1:33
PP Forward
1 - 56% - 60% - 4:25
2 - 44% - 40% - 3:32
PP Defense
1 - 58% - 60% - 4:39
2 - 42% - 40% - 3:18
PK Forward
1 - 85% - 60% - 2:54
2 - 15% - 40% - 0:30
PK Defense
1 - 76% - 60% - 2:35
2 - 24% - 40% - 0:49
PK3 Forward
1 - 0% - 60%
2 - 0% - 40%
PK3 Defense
1 - 0% - 60%
2 - 0% - 40%
44 Forward
1 - 0% - 60%
2 - 0% - 40%
44 Defense
1 - 0% - 60%
2 - 0% - 40%
Last Minute Offensive  - 0:15
Last Minute Defensive  - 0:00
Total
Forward - 60:00
Defense - 60:00

Play-by-Play

1st period


0:01 of 1st period - Reid Boucher wins face-off versus Daniel Audette in neutral zone.
0:25 of 1st period - Ludwig Bystrom is hit by Noah Juulsen and loses puck.
1:48 of 1st period - Julien Gauthier is hit by Nelson Nogier and loses puck.
2:35 of 1st period - Jack Ahcan is hit by Caleb Jones and loses puck.
4:47 of 1st period - Joey Keane is hit by Carson Meyer and loses puck.
5:31 of 1st period - Nelson Nogier is hit by Jaret Anderson-Dolan.
5:37 of 1st period - Wrist shot by Braden Tracey.
5:37 of 1st period - Stopped by Filip Gustavsson with a rebound.
5:43 of 1st period - Nelson Nogier is hit by Julien Gauthier and loses puck.
6:08 of 1st period - Snap shot by Nick Paul.
6:08 of 1st period - Stopped by Cal Petersen with a rebound.
6:37 of 1st period - Icing by Nelson Nogier.
6:38 of 1st period - Kurtis Gabriel wins face-off versus Reid Boucher in Punishers zone.
6:38 of 1st period - Kurtis Gabriel is hit by Ludwig Bystrom.
6:52 of 1st period - Wrist shot by Kurtis Gabriel.
6:52 of 1st period - Stopped by Filip Gustavsson with a rebound.
7:22 of 1st period - Snap shot by Julien Gauthier.
7:22 of 1st period - Shot Blocked by Warren Foegele.
7:31 of 1st period - Double Minor Penalty to Reid Boucher for High sticking.
7:32 of 1st period - Daniel Audette wins face-off versus Eetu Luostarinen in Moose zone.
8:18 of 1st period - Ludwig Bystrom is hit by Kurtis Gabriel and loses puck.
9:09 of 1st period - Jake Leschyshyn is hit by Adam Ruzicka and loses puck.
10:41 of 1st period - Snap shot by Carson Meyer.
10:41 of 1st period - Stopped by Filip Gustavsson without a rebound.
10:42 of 1st period - Adam Ruzicka wins face-off versus Jake Leschyshyn in Moose zone.
11:01 of 1st period - Slapshot by Daniel Audette.
11:01 of 1st period - Shot Blocked by William Bitten.
11:21 of 1st period - Wrist shot by Julien Gauthier.
11:21 of 1st period - Stopped by Cal Petersen with a rebound.
11:31 of 1st period - Penalty to Reid Boucher is over, Reid Boucher is back on ice.
11:54 of 1st period - Icing by Caleb Jones.
11:55 of 1st period - Adam Ruzicka wins face-off versus Mitchell Stephens in Moose zone.
12:24 of 1st period - Snap shot by Oskar Lindblom.
12:24 of 1st period - Stopped by Filip Gustavsson with a rebound.
12:42 of 1st period - Juuso Valimaki is hit by Nelson Nogier.
12:46 of 1st period - Snap shot by Eetu Luostarinen.
12:46 of 1st period - Stopped by Cal Petersen without a rebound.
12:47 of 1st period - Adam Ruzicka wins face-off versus Reid Boucher in Punishers zone.
13:01 of 1st period - Icing by Eetu Luostarinen.
13:02 of 1st period - Daniel Audette wins face-off versus Eetu Luostarinen in Moose zone.
13:03 of 1st period - Slapshot by Oskar Lindblom.
13:03 of 1st period - Shot Misses the Net.
13:51 of 1st period - Wrist shot by Morgan Geekie.
13:51 of 1st period - Deflect By Jake Leschyshyn.
13:51 of 1st period - Stopped by Cal Petersen without a rebound.
13:52 of 1st period - Jake Leschyshyn wins face-off versus Daniel Audette in Punishers zone.
14:05 of 1st period - Snap shot by Nick Paul.
14:05 of 1st period - Shot Misses the Net.
14:07 of 1st period - Slapshot by Nick Paul.
14:07 of 1st period - Shot Blocked by Jack Ahcan.
14:23 of 1st period - Off-side.
14:24 of 1st period - Reid Boucher wins face-off versus Adam Ruzicka in neutral zone.
14:28 of 1st period - Off-side.
14:29 of 1st period - Reid Boucher wins face-off versus Daniel Audette in neutral zone.
14:40 of 1st period - Slapshot by Eetu Luostarinen.
14:40 of 1st period - Stopped by Cal Petersen without a rebound.
14:41 of 1st period - Jake Leschyshyn wins face-off versus Daniel Audette in Punishers zone.
15:15 of 1st period - Backhand shot by Adam Ruzicka.
15:15 of 1st period - Stopped by Filip Gustavsson with a rebound.
15:17 of 1st period - Slapshot by Jack Ahcan.
15:17 of 1st period - Stopped by Filip Gustavsson without a rebound.
15:18 of 1st period - Oskar Lindblom wins face-off versus Reid Boucher in Moose zone.
15:21 of 1st period - Slapshot by Daniel Audette.
15:21 of 1st period - Shot Blocked by Josh Mahura.
15:27 of 1st period - Snap shot by Daniel Audette.
15:27 of 1st period - Stopped by Filip Gustavsson with a rebound.
15:29 of 1st period - Wrist shot by Jack Ahcan.
15:29 of 1st period - Stopped by Filip Gustavsson without a rebound.
15:30 of 1st period - Jake Leschyshyn wins face-off versus Daniel Audette in Moose zone.
15:37 of 1st period - Noah Juulsen is hit by Ludwig Bystrom and loses puck.
16:28 of 1st period - Jack Ahcan is hit by Anders Bjork and loses puck.
16:54 of 1st period - Snap shot by Joel Kiviranta.
16:54 of 1st period - Stopped by Filip Gustavsson with a rebound.
17:21 of 1st period - Snap shot by Daniel Audette.
17:21 of 1st period - Stopped by Filip Gustavsson without a rebound.
17:22 of 1st period - Adam Ruzicka wins face-off versus Reid Boucher in Moose zone.
17:53 of 1st period - Wrist shot by Oskar Lindblom.
17:53 of 1st period - Stopped by Filip Gustavsson without a rebound.
17:54 of 1st period - Daniel Audette wins face-off versus Jake Leschyshyn in Moose zone.
18:26 of 1st period - Slapshot by Reid Boucher.
18:26 of 1st period - Shot Misses the Net.
18:28 of 1st period - Slapshot by Juuso Valimaki.
18:28 of 1st period - Stopped by Cal Petersen without a rebound.
18:29 of 1st period - Vinni Lettieri wins face-off versus Reid Boucher in Punishers zone.
18:34 of 1st period - Noah Juulsen is hit by Eetu Luostarinen and loses puck.
19:06 of 1st period - Nick Paul is hit by Ben Betker and loses puck.
19:36 of 1st period - Caleb Jones is hit by Adam Ruzicka and loses puck.
19:45 of 1st period - Slapshot by Warren Foegele.
19:45 of 1st period - Stopped by Filip Gustavsson without a rebound.
19:46 of 1st period - Reid Boucher wins face-off versus Daniel Audette in Moose zone.
19:46 of 1st period - Reid Boucher is hit by Daniel Audette.
Goals for this period are 0 for Moose vs 0 for Punishers.
Shots for this period are 6 for Moose vs 12 for Punishers.

2nd period


0:01 of 2nd period - Daniel Audette wins face-off versus Reid Boucher in neutral zone.
0:40 of 2nd period - Snap shot by Oskar Lindblom.
0:40 of 2nd period - Shot Blocked by Anders Bjork.
1:00 of 2nd period - Slapshot by Oskar Lindblom.
1:00 of 2nd period - Stopped by Filip Gustavsson with a rebound.
1:02 of 2nd period - Slapshot by Jack Ahcan.
1:02 of 2nd period - Stopped by Filip Gustavsson without a rebound.
1:03 of 2nd period - Reid Boucher wins face-off versus Adam Ruzicka in Moose zone.
1:10 of 2nd period - Ben Betker is hit by Reid Boucher and loses puck.
1:15 of 2nd period - Slapshot by Reid Boucher.
1:15 of 2nd period - Shot Misses the Net.
1:17 of 2nd period - Slapshot by Caleb Jones.
1:17 of 2nd period - Shot Misses the Net.
1:53 of 2nd period - Jesse Ylonen is hit by Jonny Tychonick and loses puck.
2:23 of 2nd period - Warren Foegele is hit by Anders Bjork and loses puck.
2:54 of 2nd period - Snap shot by Daniel Audette.
2:54 of 2nd period - Goal by Daniel Audette - Moose : 0 - Punishers : 1.
2:55 of 2nd period - Reid Boucher wins face-off versus Daniel Audette in neutral zone.
3:27 of 2nd period - Slapshot by Juuso Valimaki.
3:27 of 2nd period - Shot Misses the Net.
3:29 of 2nd period - Wrist shot by Morgan Barron.
3:29 of 2nd period - Deflect By Jaret Anderson-Dolan.
3:29 of 2nd period - Stopped by Cal Petersen without a rebound.
3:30 of 2nd period - Reid Boucher wins face-off versus Adam Ruzicka in Punishers zone.
3:46 of 2nd period - Snap shot by Vinni Lettieri.
3:46 of 2nd period - Stopped by Filip Gustavsson with a rebound.
3:52 of 2nd period - Caleb Jones is hit by Warren Foegele and loses puck.
3:59 of 2nd period - Vinni Lettieri is hit by Eetu Luostarinen and loses puck.
4:29 of 2nd period - Icing by Nicolas Beaudin.
4:30 of 2nd period - Adam Ruzicka wins face-off versus Jake Leschyshyn in Punishers zone.
4:39 of 2nd period - Wrist shot by Morgan Geekie.
4:39 of 2nd period - Stopped by Cal Petersen without a rebound.
4:40 of 2nd period - Daniel Audette wins face-off versus Jake Leschyshyn in Punishers zone.
5:11 of 2nd period - Wrist shot by Morgan Geekie.
5:11 of 2nd period - Stopped by Cal Petersen with a rebound.
5:13 of 2nd period - Wrist shot by Jake Leschyshyn.
5:13 of 2nd period - Shot Misses the Net.
5:15 of 2nd period - Snap shot by Jake Leschyshyn.
5:15 of 2nd period - Shot Misses the Net.
5:21 of 2nd period - Snap shot by Morgan Geekie.
5:21 of 2nd period - Stopped by Cal Petersen without a rebound.
5:22 of 2nd period - Ryan Suzuki wins face-off versus Reid Boucher in Punishers zone.
5:52 of 2nd period - Snap shot by Logan O'Connor.
5:52 of 2nd period - Shot Blocked by Jack Ahcan.
5:54 of 2nd period - Wrist shot by Joey Keane.
5:54 of 2nd period - Shot Misses the Net.
5:56 of 2nd period - Slapshot by Jonny Tychonick.
5:56 of 2nd period - Deflect By Logan O'Connor.
5:56 of 2nd period - Shot Blocked by Daniel Audette.
5:56 of 2nd period - Puck is out of play.
5:57 of 2nd period - Reid Boucher wins face-off versus Ben Meyers in Punishers zone.
6:33 of 2nd period - Snap shot by Kurtis Gabriel.
6:33 of 2nd period - Deflect By Juuso Valimaki.
6:33 of 2nd period - Shot Blocked by Nick Paul.
6:33 of 2nd period - Puck is out of play.
6:34 of 2nd period - Adam Ruzicka wins face-off versus Reid Boucher in Moose zone.
6:35 of 2nd period - Wrist shot by Vinni Lettieri.
6:35 of 2nd period - Goal by Vinni Lettieri - Moose : 0 - Punishers : 2.
6:36 of 2nd period - Jake Leschyshyn wins face-off versus Daniel Audette in neutral zone.
6:40 of 2nd period - Minor Penalty to Kurtis Gabriel for Tripping.
6:41 of 2nd period - Eetu Luostarinen wins face-off versus Daniel Audette in Punishers zone.
6:42 of 2nd period - Snap shot by Juuso Valimaki.
6:42 of 2nd period - Shot Blocked by Ben Betker.
6:44 of 2nd period - Slapshot by Juuso Valimaki.
6:44 of 2nd period - Shot Blocked by Ben Betker.
6:46 of 2nd period - Snap shot by Juuso Valimaki.
6:46 of 2nd period - Deflect By Noah Juulsen.
6:46 of 2nd period - Stopped by Cal Petersen without a rebound.
6:47 of 2nd period - Daniel Audette wins face-off versus Reid Boucher in Punishers zone.
7:18 of 2nd period - Slapshot by Ludwig Bystrom.
7:18 of 2nd period - Stopped by Cal Petersen without a rebound.
7:19 of 2nd period - Jake Leschyshyn wins face-off versus Daniel Audette in Punishers zone.
7:30 of 2nd period - Snap shot by Morgan Geekie.
7:30 of 2nd period - Goal by Morgan Geekie - Moose : 1 - Punishers : 2.
7:31 of 2nd period - Daniel Audette wins face-off versus Jake Leschyshyn in neutral zone.
8:36 of 2nd period - Nelson Nogier is hit by Morgan Barron and loses puck.
8:55 of 2nd period - Niko Mikkola is hit by Jake Leschyshyn and loses puck.
9:16 of 2nd period - Snap shot by Vinni Lettieri.
9:16 of 2nd period - Stopped by Filip Gustavsson with a rebound.
9:18 of 2nd period - Snap shot by Warren Foegele.
9:18 of 2nd period - Shot Blocked by Joey Keane.
9:20 of 2nd period - Snap shot by Vinni Lettieri.
9:20 of 2nd period - Goal by Vinni Lettieri - Moose : 1 - Punishers : 3.
9:21 of 2nd period - Daniel Audette wins face-off versus Reid Boucher in neutral zone.
9:24 of 2nd period - Snap shot by Noah Juulsen.
9:24 of 2nd period - Shot Misses the Net.
9:26 of 2nd period - Snap shot by Oskar Lindblom.
9:26 of 2nd period - Shot Misses the Net.
9:28 of 2nd period - Slapshot by Noah Juulsen.
9:28 of 2nd period - Stopped by Filip Gustavsson with a rebound.
9:30 of 2nd period - Wrist shot by Daniel Audette.
9:30 of 2nd period - Shot Blocked by Reid Boucher.
9:36 of 2nd period - Wrist shot by Daniel Audette.
9:36 of 2nd period - Deflect By Oskar Lindblom.
9:36 of 2nd period - Stopped by Filip Gustavsson with a rebound.
10:31 of 2nd period - Snap shot by Eetu Luostarinen.
10:31 of 2nd period - Stopped by Cal Petersen with a rebound.
10:33 of 2nd period - Snap shot by Reid Boucher.
10:33 of 2nd period - Shot Blocked by Ben Betker.
10:35 of 2nd period - Slapshot by Juuso Valimaki.
10:35 of 2nd period - Shot Misses the Net.
10:37 of 2nd period - Wrist shot by Eetu Luostarinen.
10:37 of 2nd period - Deflect By Julien Gauthier.
10:37 of 2nd period - Goal by Julien Gauthier - Moose : 2 - Punishers : 3.
10:38 of 2nd period - Daniel Audette wins face-off versus Jake Leschyshyn in neutral zone.
10:43 of 2nd period - Slapshot by Daniel Audette.
10:43 of 2nd period - Stopped by Filip Gustavsson with a rebound.
10:59 of 2nd period - Minor Penalty to Juuso Valimaki for Hooking.
11:00 of 2nd period - Eetu Luostarinen wins face-off versus Daniel Audette in Moose zone.
11:00 of 2nd period - Eetu Luostarinen is hit by Daniel Audette.
11:06 of 2nd period - Oskar Lindblom is hit by Eetu Luostarinen and loses puck.
12:59 of 2nd period - Penalty to Juuso Valimaki is over, Juuso Valimaki is back on ice.
13:14 of 2nd period - Wrist shot by Joel Kiviranta.
13:14 of 2nd period - Stopped by Filip Gustavsson without a rebound.
13:15 of 2nd period - Jaret Anderson-Dolan wins face-off versus Braden Tracey in Moose zone.
13:20 of 2nd period - Wrist shot by Morgan Barron.
13:20 of 2nd period - Shot Misses the Net.
13:22 of 2nd period - Snap shot by Morgan Barron.
13:22 of 2nd period - Shot Blocked by Noah Juulsen.
13:24 of 2nd period - Snap shot by Jonny Tychonick.
13:24 of 2nd period - Stopped by Cal Petersen without a rebound.
13:25 of 2nd period - Jaret Anderson-Dolan wins face-off versus Ryan Suzuki in Punishers zone.
13:32 of 2nd period - Wrist shot by Nathan Bastian.
13:32 of 2nd period - Shot Misses the Net.
13:34 of 2nd period - Slapshot by Jonny Tychonick.
13:34 of 2nd period - Stopped by Cal Petersen without a rebound.
13:35 of 2nd period - Jake Leschyshyn wins face-off versus Daniel Audette in Punishers zone.
14:02 of 2nd period - Adam Ruzicka is hit by Logan O'Connor and loses puck.
14:13 of 2nd period - Wrist shot by Anders Bjork.
14:13 of 2nd period - Shot Misses the Net.
14:15 of 2nd period - Wrist shot by Anders Bjork.
14:15 of 2nd period - Stopped by Cal Petersen with a rebound.
14:51 of 2nd period - Slapshot by Nicolas Beaudin.
14:51 of 2nd period - Stopped by Filip Gustavsson without a rebound.
14:52 of 2nd period - Daniel Audette wins face-off versus Jake Leschyshyn in Moose zone.
15:17 of 2nd period - Adam Ruzicka is hit by Reid Boucher.
15:56 of 2nd period - Ryan Suzuki is hit by Morgan Barron and loses puck.
16:01 of 2nd period - Slapshot by Nathan Bastian.
16:01 of 2nd period - Stopped by Cal Petersen with a rebound.
16:03 of 2nd period - Snap shot by Josh Mahura.
16:03 of 2nd period - Shot Misses the Net.
16:17 of 2nd period - Caleb Jones is hit by Oskar Lindblom and loses puck.
16:42 of 2nd period - Wrist shot by Julien Gauthier.
16:42 of 2nd period - Shot Blocked by Vinni Lettieri.
16:44 of 2nd period - Slapshot by Josh Mahura.
16:44 of 2nd period - Deflect By Reid Boucher.
16:44 of 2nd period - Stopped by Cal Petersen with a rebound.
17:41 of 2nd period - Slapshot by Oskar Lindblom.
17:41 of 2nd period - Stopped by Filip Gustavsson without a rebound.
17:42 of 2nd period - Daniel Audette wins face-off versus Jake Leschyshyn in Moose zone.
17:55 of 2nd period - Wrist shot by Jake Leschyshyn.
17:55 of 2nd period - Deflect By Nick Paul.
17:55 of 2nd period - Stopped by Cal Petersen with a rebound.
18:07 of 2nd period - Wrist shot by Eetu Luostarinen.
18:07 of 2nd period - Shot Misses the Net.
18:19 of 2nd period - Snap shot by Eetu Luostarinen.
18:19 of 2nd period - Shot Misses the Net.
18:29 of 2nd period - Jesse Ylonen is hit by Ludwig Bystrom and loses puck.
19:03 of 2nd period - Minor Penalty to Adam Ruzicka for Hooking.
19:04 of 2nd period - Reid Boucher wins face-off versus Daniel Audette in Punishers zone.
19:12 of 2nd period - Snap shot by Julien Gauthier.
19:12 of 2nd period - Deflect By Daniel Audette.
19:12 of 2nd period - Stopped by Cal Petersen without a rebound.
19:13 of 2nd period - Reid Boucher wins face-off versus Daniel Audette in Punishers zone.
19:42 of 2nd period - Slapshot by Juuso Valimaki.
19:42 of 2nd period - Goal by Juuso Valimaki - Moose : 3 - Punishers : 3.
19:43 of 2nd period - Reid Boucher wins face-off versus Daniel Audette in neutral zone.
Goals for this period are 3 for Moose vs 3 for Punishers.
Shots for this period are 17 for Moose vs 13 for Punishers.

3rd period


0:01 of 3rd period - Reid Boucher wins face-off versus Daniel Audette in neutral zone.
0:04 of 3rd period - Daniel Audette is hit by Ludwig Bystrom and loses puck.
0:19 of 3rd period - Reid Boucher is hit by Kurtis Gabriel and loses puck.
0:34 of 3rd period - Slapshot by Ludwig Bystrom.
0:34 of 3rd period - Stopped by Cal Petersen with a rebound.
0:36 of 3rd period - Minor Penalty to Adam Ruzicka for Holding.
0:37 of 3rd period - Daniel Audette wins face-off versus Reid Boucher in Punishers zone.
0:52 of 3rd period - Wrist shot by Daniel Audette.
0:52 of 3rd period - Shot Misses the Net.
1:41 of 3rd period - Icing by Morgan Geekie.
1:42 of 3rd period - Carson Meyer wins face-off versus Jake Leschyshyn in Moose zone.
1:51 of 3rd period - Slapshot by Juuso Valimaki.
1:51 of 3rd period - Stopped by Cal Petersen without a rebound.
1:52 of 3rd period - Reid Boucher wins face-off versus Daniel Audette in Punishers zone.
1:55 of 3rd period - Slapshot by Juuso Valimaki.
1:55 of 3rd period - Shot Blocked by Noah Juulsen.
2:03 of 3rd period - Snap shot by Julien Gauthier.
2:03 of 3rd period - Stopped by Cal Petersen without a rebound.
2:04 of 3rd period - Daniel Audette wins face-off versus Reid Boucher in Punishers zone.
2:15 of 3rd period - Snap shot by Oskar Lindblom.
2:15 of 3rd period - Stopped by Filip Gustavsson without a rebound.
2:16 of 3rd period - Daniel Audette wins face-off versus Reid Boucher in Moose zone.
2:29 of 3rd period - Slapshot by Juuso Valimaki.
2:29 of 3rd period - Stopped by Cal Petersen with a rebound.
2:31 of 3rd period - Snap shot by Reid Boucher.
2:31 of 3rd period - Goal by Reid Boucher - Moose : 4 - Punishers : 3.
2:32 of 3rd period - Reid Boucher wins face-off versus Daniel Audette in neutral zone.
2:37 of 3rd period - Kurtis Gabriel is hit by Ludwig Bystrom and loses puck.
2:48 of 3rd period - Wrist shot by Eetu Luostarinen.
2:48 of 3rd period - Shot Misses the Net.
4:13 of 3rd period - Josh Mahura is hit by Daniel Audette and loses puck.
4:54 of 3rd period - Slapshot by Anders Bjork.
4:54 of 3rd period - Stopped by Cal Petersen without a rebound.
4:55 of 3rd period - Reid Boucher wins face-off versus Ryan Suzuki in Punishers zone.
5:24 of 3rd period - Off-side.
5:25 of 3rd period - Jake Leschyshyn wins face-off versus Kurtis Gabriel in neutral zone.
5:52 of 3rd period - Snap shot by Morgan Geekie.
5:52 of 3rd period - Stopped by Cal Petersen with a rebound.
5:54 of 3rd period - Slapshot by Josh Mahura.
5:54 of 3rd period - Shot Misses the Net.
5:58 of 3rd period - Wrist shot by Morgan Geekie.
5:58 of 3rd period - Stopped by Cal Petersen without a rebound.
5:59 of 3rd period - Reid Boucher wins face-off versus Adam Ruzicka in Punishers zone.
6:04 of 3rd period - Slapshot by Juuso Valimaki.
6:04 of 3rd period - Shot Misses the Net.
6:06 of 3rd period - Slapshot by Ludwig Bystrom.
6:06 of 3rd period - Stopped by Cal Petersen with a rebound.
6:08 of 3rd period - Snap shot by Eetu Luostarinen.
6:08 of 3rd period - Shot Misses the Net.
6:10 of 3rd period - Wrist shot by Reid Boucher.
6:10 of 3rd period - Shot Misses the Net.
6:12 of 3rd period - Slapshot by Eetu Luostarinen.
6:12 of 3rd period - Deflect By Julien Gauthier.
6:12 of 3rd period - Stopped by Cal Petersen without a rebound.
6:13 of 3rd period - Adam Ruzicka wins face-off versus Reid Boucher in Punishers zone.
6:40 of 3rd period - Nick Paul is hit by Oskar Lindblom and loses puck.
6:52 of 3rd period - Kurtis Gabriel is hit by Morgan Geekie and loses puck.
7:10 of 3rd period - Mitchell Stephens is hit by Carson Meyer and loses puck.
7:25 of 3rd period - Wrist shot by Vinni Lettieri.
7:25 of 3rd period - Stopped by Filip Gustavsson with a rebound.
7:27 of 3rd period - Wrist shot by Vinni Lettieri.
7:27 of 3rd period - Shot Misses the Net.
7:55 of 3rd period - Snap shot by Jesse Ylonen.
7:55 of 3rd period - Deflect By Braden Tracey.
7:55 of 3rd period - Shot Blocked by Juuso Valimaki.
7:55 of 3rd period - Puck is out of play.
7:56 of 3rd period - Daniel Audette wins face-off versus Reid Boucher in Moose zone.
9:13 of 3rd period - Wrist shot by Morgan Barron.
9:13 of 3rd period - Stopped by Cal Petersen with a rebound.
10:27 of 3rd period - Snap shot by Nathan Bastian.
10:27 of 3rd period - Stopped by Cal Petersen with a rebound.
10:29 of 3rd period - Snap shot by Morgan Barron.
10:29 of 3rd period - Stopped by Cal Petersen without a rebound.
10:30 of 3rd period - Reid Boucher wins face-off versus Adam Ruzicka in Punishers zone.
10:33 of 3rd period - Slapshot by Julien Gauthier.
10:33 of 3rd period - Stopped by Cal Petersen with a rebound.
10:50 of 3rd period - Icing by Noah Juulsen.
10:51 of 3rd period - Adam Ruzicka wins face-off versus Jake Leschyshyn in Punishers zone.
11:05 of 3rd period - Icing by Juuso Valimaki.
11:06 of 3rd period - Ben Meyers wins face-off versus Jake Leschyshyn in Moose zone.
11:07 of 3rd period - Snap shot by Joel Kiviranta.
11:07 of 3rd period - Stopped by Filip Gustavsson with a rebound.
11:38 of 3rd period - Icing by Nick Paul.
11:39 of 3rd period - Jake Leschyshyn wins face-off versus Daniel Audette in Moose zone.
11:39 of 3rd period - Jake Leschyshyn is hit by Daniel Audette.
12:04 of 3rd period - Nick Paul is hit by Ben Betker and loses puck.
13:31 of 3rd period - Snap shot by Jaret Anderson-Dolan.
13:31 of 3rd period - Deflect By Nathan Bastian.
13:31 of 3rd period - Stopped by Cal Petersen without a rebound.
13:32 of 3rd period - Reid Boucher wins face-off versus Adam Ruzicka in Punishers zone.
13:39 of 3rd period - Snap shot by Warren Foegele.
13:39 of 3rd period - Stopped by Filip Gustavsson with a rebound.
13:41 of 3rd period - Slapshot by Jack Ahcan.
13:41 of 3rd period - Shot Blocked by Josh Mahura.
13:43 of 3rd period - Snap shot by Adam Ruzicka.
13:43 of 3rd period - Shot Misses the Net.
13:45 of 3rd period - Snap shot by Warren Foegele.
13:45 of 3rd period - Stopped by Filip Gustavsson with a rebound.
13:47 of 3rd period - Snap shot by Warren Foegele.
13:47 of 3rd period - Stopped by Filip Gustavsson with a rebound.
13:49 of 3rd period - Snap shot by Adam Ruzicka.
13:49 of 3rd period - Deflect By Warren Foegele.
13:49 of 3rd period - Stopped by Filip Gustavsson without a rebound.
13:50 of 3rd period - Oskar Lindblom wins face-off versus Mitchell Stephens in Moose zone.
14:22 of 3rd period - Minor Penalty to Jonny Tychonick for Tripping.
14:23 of 3rd period - Daniel Audette wins face-off versus Eetu Luostarinen in Moose zone.
15:18 of 3rd period - Nelson Nogier is hit by Julien Gauthier and loses puck.
15:32 of 3rd period - Icing by Warren Foegele.
15:33 of 3rd period - Adam Ruzicka wins face-off versus William Bitten in Punishers zone.
15:33 of 3rd period - Adam Ruzicka is hit by Anders Bjork.
15:49 of 3rd period - Snap shot by Kurtis Gabriel.
15:49 of 3rd period - Shot Misses the Net.
16:22 of 3rd period - Penalty to Jonny Tychonick is over, Jonny Tychonick is back on ice.
16:35 of 3rd period - Wrist shot by Ben Betker.
16:35 of 3rd period - Stopped by Filip Gustavsson without a rebound.
16:36 of 3rd period - Ben Meyers wins face-off versus Mitchell Stephens in Moose zone.
16:37 of 3rd period - Snap shot by Joel Kiviranta.
16:37 of 3rd period - Stopped by Filip Gustavsson without a rebound.
16:38 of 3rd period - Carson Meyer wins face-off versus Mitchell Stephens in Moose zone.
16:39 of 3rd period - Snap shot by Joel Kiviranta.
16:39 of 3rd period - Stopped by Filip Gustavsson without a rebound.
16:40 of 3rd period - Mitchell Stephens wins face-off versus Ben Meyers in Moose zone.
17:40 of 3rd period - Snap shot by Carson Meyer.
17:40 of 3rd period - Shot Blocked by Juuso Valimaki.
17:42 of 3rd period - Wrist shot by Ben Meyers.
17:42 of 3rd period - Shot Misses the Net.
18:02 of 3rd period - Wrist shot by Carson Meyer.
18:02 of 3rd period - Shot Misses the Net.
18:04 of 3rd period - Snap shot by Ben Meyers.
18:04 of 3rd period - Deflect By Julien Gauthier.
18:04 of 3rd period - Stopped by Filip Gustavsson with a rebound.
18:06 of 3rd period - Snap shot by Nelson Nogier.
18:06 of 3rd period - Shot Blocked by Reid Boucher.
18:08 of 3rd period - Snap shot by Joel Kiviranta.
18:08 of 3rd period - Stopped by Filip Gustavsson with a rebound.
18:10 of 3rd period - Wrist shot by Ben Meyers.
18:10 of 3rd period - Shot Hit the Post.
18:12 of 3rd period - Slapshot by Nelson Nogier.
18:12 of 3rd period - Shot Misses the Net.
18:22 of 3rd period - Niko Mikkola is hit by Ludwig Bystrom and loses puck.
18:55 of 3rd period - Punishers, Cal Petersen is pulled from the net.
19:13 of 3rd period - Slapshot by Carson Meyer.
19:13 of 3rd period - Shot Misses the Net.
19:15 of 3rd period - Slapshot by Nelson Nogier.
19:15 of 3rd period - Shot Blocked by Eetu Luostarinen.
19:17 of 3rd period - Snap shot by Ben Meyers.
19:17 of 3rd period - Stopped by Filip Gustavsson with a rebound.
19:19 of 3rd period - Slapshot by Ben Meyers.
19:19 of 3rd period - Stopped by Filip Gustavsson with a rebound.
19:21 of 3rd period - Wrist shot by Ben Meyers.
19:21 of 3rd period - Stopped by Filip Gustavsson with a rebound.
19:23 of 3rd period - Wrist shot by Joel Kiviranta.
19:23 of 3rd period - Stopped by Filip Gustavsson without a rebound.
19:24 of 3rd period - John Anderson call a timeout for Punishers.
19:24 of 3rd period - Daniel Audette wins face-off versus Boris Katchouk in Moose zone.
19:38 of 3rd period - Snap shot by William Bitten.
19:38 of 3rd period - Goal by William Bitten - Moose : 5 - Punishers : 3.
19:38 of 3rd period - Cal Petersen from Punishers was sent back in the game.
19:39 of 3rd period - Ryan Suzuki wins face-off versus Boris Katchouk in neutral zone.
19:45 of 3rd period - Off-side.
19:46 of 3rd period - Axel Jonsson-Fjallby wins face-off versus Ryan Suzuki in neutral zone.
19:51 of 3rd period - Slapshot by Josh Mahura.
19:51 of 3rd period - Stopped by Cal Petersen without a rebound.
19:52 of 3rd period - Mitchell Stephens wins face-off versus Ryan Suzuki in Punishers zone.
19:59 of 3rd period - Snap shot by Anders Bjork.
19:59 of 3rd period - Stopped by Cal Petersen without a rebound.
Goals for this period are 2 for Moose vs 0 for Punishers.
Shots for this period are 18 for Moose vs 16 for Punishers. Output by the SimonT Hockey Simulator (STHS) for Francois Prevost - Original Page W3C HTML5 Valid
Hockey Simulator - Hockey Simulation - Hockey Manager